 Dungeon Crawl Stone Soup version 0.21.1-1-g345015f (webtiles) character file.

347 zishaf the Covert (level 6, -3/30 HPs)
             Began as a Spriggan Assassin on May 6, 2018.
             Slain by Grinder (6 damage)
             ... while paralysed by Grinder
             ... on level 4 of the Dungeon.
             The game lasted 00:12:01 (2523 turns).

zishaf the Covert (Spriggan Assassin)               Turns: 2523, Time: 00:12:02

Health: -3/30      AC:  3    Str:  7    XL:     6   Next: 32%
Magic:  7/7        EV:  4    Int: 13    God:
Gold:   138        SH:  0    Dex: 19    Spells: 5/5 levels left

rFire    . . .     SeeInvis +   j - +3 dagger (venom)
rCold    . . .     Gourm    .   (shield restricted)
rNeg     . . .     Faith    .   c - +0 robe
rPois    .         Spirit   .   (helmet restricted)
rElec    .         Reflect  .   d - +0 cloak
rCorr    .         Harm     .   (gloves unavailable)
MR       +....                  (boots unavailable)
Stlth    ++++......             h - amulet of regeneration
HPRegen  0.50/turn              (no ring)
MPRegen  0.10/turn              (no ring)

@: paralysed, very quick
A: very small, unfitting armour, see invisible, herbivore, speed 3, slow
metabolism 2
a: no special abilities


You were on level 4 of the Dungeon.
You were not hungry.

You visited 1 branch of the dungeon, and saw 4 of its levels.

You collected 138 gold pieces.

Inventory:

Hand Weapons
 a - a +2 dagger
 b - a +0 blowgun
 j - a +3 dagger of venom (weapon)
Missiles
 f - a curare-tipped needle
Armour
 c - a +0 robe (worn)
 d - a +0 cloak (worn)
Jewellery
 h - an amulet of regeneration (around neck)
Wands
 q - a wand of acid (5)
Scrolls
 k - 2 scrolls of identify
 l - a scroll of enchant armour {unknown}
 m - a scroll of magic mapping {unknown}
 p - 2 scrolls of fog
 r - a scroll of blinking {unknown}
 s - a scroll of amnesia {unknown}
Potions
 e - a potion of berserk rage {unknown}
 i - a potion of might {unknown}
 n - a potion of lignification {unknown}
 o - a potion of curing {unknown}
 t - a potion of degeneration {unknown}
Comestibles
 g - 5 rations


   Skills:
 - Level 1.5 Fighting
 + Level 4.0 Short Blades
 - Level 2.0 Throwing
 + Level 4.7 Dodging
 * Level 9.3 Stealth


You had 5 spell levels left.
You didn't know any spells.

Dungeon Overview and Level Annotations

Branches:
Dungeon (4/15)
 Temple: D:4-7

Altars:
Hepliaklqana
Nemelex Xobeh
Ru
Xom
The Shining One

Annotations:
D:4 Grinder, Sigmund


Innate Abilities, Weirdness & Mutations

You are very small and have problems with some larger weapons.
You are too small for most types of armour.
You have supernaturally acute eyesight. (SInv)
You are a herbivore.
You cover ground extremely quickly.
You need consume almost no food.


Message History

Grinder gestures at you. Pain shoots through your body!
Grinder gestures at you.
You easily resist.
You hit Grinder.
Grinder is heavily wounded.
You hit Grinder but do no damage.
Grinder is heavily wounded.
Grinder hits you.
You barely miss Grinder.
Grinder is heavily wounded.
Grinder gestures at you.
You suddenly lose the ability to move!
Grinder hits you!
You writhe in agony.
Grinder hits you.
* * * LOW HITPOINT WARNING * * *
Grinder hits you.
* * * LOW HITPOINT WARNING * * *
You writhe in agony.
You die...

#.# #..... #.#####.####
##.##...># #####
#.....####
#...####...5.#######
#....5..............
#...####.###.#######
######5#####.# #.# #
........@.....###.## #
..####...#######...######
.......................
####...#######...###### #
##.## ##.####### # #.#
#.###.... # #.#####
#.....##. # #. ..#
#####.#.# #
##############.## #.##.


You could see Grinder.

Vanquished Creatures
  Edmund (D:4)
  A howler monkey (D:4)
  A hound (D:4)
  A bullfrog skeleton (D:4)
  A centaur skeleton (D:4)
  4 adders
  3 oozes
  3 worms
  A dart slug (D:1)
  2 leopard geckos
  A giant cockroach (D:3)
  6 goblins
  6 hobgoblins
  2 jackals (D:4)
  5 kobolds
  3 ball pythons
  5 bats
  2 frilled lizards
  4 rats
52 creatures vanquished.

Notes
Turn   | Place    | Note
-------+----------+-------------------------------------------
     0 | D:1      | zishaf the Spriggan Assassin began the quest for the Orb.
     0 | D:1      | Reached XP level 1. HP: 10/10 MP: 2/2
    95 | D:1      | Reached skill level 6 in Stealth
   185 | D:1      | Reached XP level 2. HP: 14/14 MP: 3/3
   227 | D:1      | You fall through a shaft!
   932 | D:2      | Found a shimmering altar of Xom.
   953 | D:2      | Reached XP level 3. HP: 18/18 MP: 4/4
  1014 | D:2      | Reached skill level 7 in Stealth
  1234 | D:2      | Reached XP level 4. HP: 22/22 MP: 5/5
  2059 | D:4      | Found a sparkling altar of Nemelex Xobeh.
  2059 | D:4      | Found a glowing golden altar of the Shining One.
  2060 | D:4      | Found a sacrificial altar of Ru.
  2116 | D:4      | Reached skill level 8 in Stealth
  2116 | D:4      | Reached XP level 5. HP: 13/25 MP: 6/6
  2122 | D:4      | Noticed Edmund
  2179 | D:4      | Killed Edmund
  2179 | D:4      | Reached skill level 9 in Stealth
  2179 | D:4      | Reached XP level 6. HP: 30/30 MP: 7/7
  2254 | D:4      | Noticed Sigmund
  2339 | D:4      | Found a hazy altar of Hepliaklqana.
  2482 | D:4      | Noticed Grinder
  2520 | D:4      | Paralysed by Grinder for 5 turns
  2523 | D:4      | Slain by Grinder

Skill      XL: |  1  2  3  4  5  6 |
---------------+-------------------+-----
Stealth        | 6 7 8 9 |  9.3
Dodging        | 2 3 4 |  4.7
Short Blades   | 3 4 |  4.0
Fighting       | |  1.5
Throwing       | |  2.0

Action                   |  1- 3 |  4- 6 || total
-------------------------+-------+-------++-------
Melee: Dagger            |    52 |    55 ||   107
 Fire: Blowgun           |    11 |    15 ||    26
  Use: Scroll            |       |     5 ||     5
 Stab: Sleeping          |     9 |     9 ||    18
Armor: Robe              |     9 |     1 ||    10
Dodge: Dodged            |    48 |    36 ||    84
